 Dungeon Crawl Stone Soup version 0.21.0 (webtiles) character file.

62 mopl the Slasher (level 4, 0/39 HPs)
             Began as a Tengu Skald on Jan 7, 2018.
             Succumbed to Crazy Yiuf's poison
             ... on level 2 of the Dungeon.
             The game lasted 00:01:27 (1167 turns).

mopl the Slasher (Tengu Skald)                      Turns: 1167, Time: 00:01:28

Health: 0/39       AC: 22    Str: 11    XL:     4   Next: 8%
Magic:  3/8        EV:  2    Int: 13    God:
Gold:   35         SH:  0    Dex: 15    Spells: 2/7 levels left

rFire    . . .     SeeInvis .   b - +2 dagger (venom)
rCold    . . .     Gourm    .   (no shield)
rNeg     + + +     Faith    .   (armour currently unavailable)
rPois    +         Spirit   .   (helmet currently unavailable)
rElec    .         Reflect  .   (cloak currently unavailable)
rCorr    .         Harm     .   (gloves currently unavailable)
MR       .....     NoTele   +   (boots unavailable)
Stlth    +.........             (no amulet)
HPRegen  0.13/turn              (no ring)
MPRegen  0.11/turn              (no ring)

@: lethally poisoned (0 -> -10), tree-form, infused (expiring)
A: no striking features
a: no special abilities


You were on level 2 of the Dungeon.
You were not hungry.
You were a tree.
You visited 1 branch of the dungeon, and saw 2 of its levels.

You collected 35 gold pieces.

Inventory:

Hand Weapons
 a - a +0 falchion
 b - a +2 dagger of venom (weapon)
Armour
 e - a +0 leather armour (melded)
Scrolls
 f - 2 scrolls of immolation {unknown}
 i - a scroll of enchant weapon {unknown}
 k - a scroll of teleportation {unknown}
 l - 2 scrolls of identify {unknown}
 m - a scroll of amnesia {unknown}
Potions
 h - a potion of ambrosia {unknown}
 j - a potion of degeneration {unknown}
 o - a potion of brilliance {unknown}
 p - a potion of experience {unknown}
Books
 c - a book of Battle

   Spells                             Type                      Level
   a - Infusion                       Charms                       1
   b - Shroud of Golubria             Charms/Translocation         2
   c - Song of Slaying                Charms                       2
   d - Spectral Weapon                Hexes/Charms                 3
   e - Regeneration                   Charms/Necromancy            3
Comestibles
 d - 7 rations
 n - 3 chunks of flesh


   Skills:
 - Level 2.0 Fighting
 + Level 4.7 Long Blades
 - Level 1.1 Armour
 - Level 2.1 Dodging
 - Level 2.0 Spellcasting
 - Level 2.4 Charms


You had 2 spell levels left.
You knew the following spells:

 Your Spells              Type           Power        Failure   Level  Hunger
a - Infusion              Chrm           #...         10%         1    ##.....
b - Song of Slaying       Chrm           #.......     14%         2    ###....
f - Shroud of Golubria    Chrm/Tloc      #.........   24%         2    ###....


Dungeon Overview and Level Annotations

Branches:
Dungeon (2/15)

Altars:
Elyvilon
Zin
The Shining One

Annotations:
D:2 Crazy Yiuf


Innate Abilities, Weirdness & Mutations

((You have a beak for a mouth.))
((You have claws for feet.))


Message History

Your shroud begins to fray at the edges.
Your shroud bends something's attack away!
You hit something. Your peck misses something.
Your shroud bends something's attack away.
You miss something. Your kick misses something. You hit something.
You claw something! Something hits you!
Ouch! That really hurt!
Your shroud falls apart!
Something freezes you.
You barely miss something. Your peck misses something.
Your magical infusion is running out.
Something hits you.
* * * LOW HITPOINT WARNING * * *
You are lethally poisoned!
* * * LOW HITPOINT WARNING * * *
You feel sick.
It was a potion of lignification.
You turn into a tree.
Your +0 leather armour melds into your body.
Your roots penetrate the ground.
You die...

## .# .# .# ##### ######
#..)# ###### ....)#####
#...# #....# .###.....###
#...# #....# .# #####.#.#
#'# #....# .## #.#.# ##♣#
#....# ..# #.#.# #.##
##..## #.# #.#.# ##.# #..#
#.# ##.#.# #.## #..# #)##
#....# ##.## ##..# ...#
##...## #...## #...#
.#.###....# #....# ###.#
.#.##..#..# #....# #.#
##....##..####....######.#


There were no monsters in sight!

Vanquished Creatures
  Terence (D:2)
  An adder (D:2)
  2 leopard geckos (D:1)
  2 bats
  3 giant cockroaches
  2 goblins
  5 hobgoblins
  A quokka (D:2)
  3 frilled lizards (D:2)
  A kobold (D:1)
  5 rats
26 creatures vanquished.

Notes
Turn   | Place    | Note
-------+----------+-------------------------------------------
     0 | D:1      | mopl the Tengu Skald began the quest for the Orb.
     0 | D:1      | Reached XP level 1. HP: 12/12 MP: 4/4
   264 | D:1      | Reached XP level 2. HP: 16/17 MP: 6/6
   268 | D:1      | Learned a level 2 spell: Song of Slaying
   271 | D:1      | Learned a level 2 spell: Shroud of Golubria
   290 | D:1      | Reached skill level 3 in Long Blades
   716 | D:2      | Reached XP level 3. HP: 14/21 MP: 7/7
   903 | D:2      | Reached skill level 4 in Long Blades
   922 | D:2      | Noticed Terence
   931 | D:2      | Killed Terence
   931 | D:2      | Reached XP level 4. HP: 22/26 MP: 8/8
  1090 | D:2      | Found a white marble altar of Elyvilon.
  1090 | D:2      | Found a glowing golden altar of the Shining One.
  1090 | D:2      | Found a glowing silver altar of Zin.
  1151 | D:2      | Found a runed door.
  1157 | D:2      | Noticed Crazy Yiuf
  1166 | D:2      | HP: 1/26 [poisoned by Crazy Yiuf]
  1167 | D:2      | Succumbed to Crazy Yiuf's poison

Skill      XL: |  1  2  3 |
---------------+----------+-----
Long Blades    | 3 4 |  4.7
Fighting       | |  2.0
Armour         | |  1.1
Dodging        | |  2.1
Spellcasting   | |  2.0
Charms         | |  2.4

Action                   |  1- 3 |  4- 6 || total
-------------------------+-------+-------++-------
Melee: Dagger            |    54 |    11 ||    65
       Kick              |    12 |     1 ||    13
       Falchion          |     2 |       ||     2
       Peck              |     6 |       ||     6
 Cast: Infusion          |     1 |     1 ||     2
       Shroud of Golubri |       |     1 ||     1
  Use: Potion            |       |     1 ||     1
  Eat: Chunk             |       |     1 ||     1
Armor: Leather armour    |    17 |     2 ||    19
Dodge: Dodged            |    19 |     3 ||    22
